 Dungeon Crawl Stone Soup version 0.28.0-53-g5a82cb258f (webtiles) character file.

Game seed: 7455469803514434964

824 Plasmagod the Covert (level 7, 0/33 HPs)
             Began as a Vine Stalker Enchanter on July 12, 2022.
             Was a Follower of Elyvilon.
             Slain by a gnoll
             ... wielding a +0 spear of freezing
              (4 damage)
             ... on level 6 of the Dungeon.
             The game lasted 00:29:16 (4935 turns).

Plasmagod the Covert (Vine Stalker Enchanter)       Turns: 4935, Time: 00:29:16

Health: 0/33       AC:  4    Str: 11    XL:     7   Next: 96%
Magic:  0/13       EV: 12    Int: 17    God:    Elyvilon [*.....]
Gold:   236        SH:  0    Dex: 14    Spells: 8/13 levels left

rFire   . . .      SeeInvis .   l - +3 dagger
rCold   . . .      Faith    .   (no shield)
rNeg    . . .      Spirit   +   b - +1 robe
rPois   +          Reflect  .   n - +0 helmet
rElec   .          Harm     .   (no cloak)
rCorr   .          Rampage  .   (no gloves)
Will    .....      Rage     1%  (no boots)
Stlth   ++++......              f - amulet of regeneration
HPRegen 1.71/turn               p - ring of poison resistance
MPRegen 0.13/turn               (no ring)

@: no status effects
A: fangs 2, regeneration 1, magic shield, antimagic bite, no potion heal 2,
berserk 1
a: Renounce Religion, Purification


You were on level 6 of the Dungeon.
You worshipped Elyvilon.
Elyvilon was aware of your devotion.
You visited 1 branch of the dungeon, and saw 6 of its levels.

You collected 314 gold pieces.
You spent 78 gold pieces at shops.

Inventory:

Hand Weapons
 a - a +2 dagger of chaos
 l - a +3 dagger (weapon)
Armour
 b - a +1 robe (worn)
 d - an orb of mayhem
 g - a +0 robe of cold resistance
 n - a +0 helmet (worn)
Jewellery
 f - an amulet of regeneration (around neck)
 p - a ring of poison resistance (left hand)
Scrolls
 c - a scroll of identify
 j - 2 scrolls of fog
 m - a scroll of summoning
 q - a scroll of enchant weapon
Potions
 e - a potion of lignification
 h - a potion of resistance
 i - a potion of magic
 k - 2 potions of haste
 o - a potion of flight
 s - 2 potions of curing {unknown}


   Skills:
 + Level 1.3 Fighting
 + Level 3.0 Short Blades
 + Level 2.3 Dodging
 * Level 8.1 Stealth
 + Level 3.5 Spellcasting
 * Level 4.4 Hexes
 + Level 1.7 Ice Magic


You had 8 spell levels left.
You knew the following spells:

 Your Spells              Type           Power      Damage    Failure   Level
a - Ensorcelled Hibernat  Hex/Ice        26%        N/A       7%          2
b - Tukima's Dance        Hex            18%        N/A       9%          3

Your spell library contained the following spells:

 Spells                   Type           Power      Damage    Failure   Level
 Confusing Touch          Hex            18%        N/A       9%          3
 Dazzling Flash           Conj/Hex       20%        N/A       21%         3
 Conjure Flame            Conj/Fire      3%         6-21      45%         3
 Ignite Poison            Fire/Tmut/Pois 3%         N/A       45%         3
 Sticky Flame             Conj/Fire      3%         2d3       86%         4


Dungeon Overview and Level Annotations

Branches:
Dungeon (6/15)
 Temple: D:4-7

Altars:
Elyvilon
Sif Muna

Shops:
D:1 =   D:6 [!


Innate Abilities, Weirdness & Mutations

You have extremely sharp teeth.
Your natural rate of healing is unusually fast.
When hurt, damage is shared between your health and your magic reserves.
Your bite disrupts and absorbs the magic of your enemies.
Potions cannot restore your health.
You tend to lose your temper in combat.


Message History

The gnoll hits you with a +0 spear of freezing.
The gnoll freezes you.
You hit the gnoll.
The gnoll is severely wounded.
The gnoll hits you with a +0 spear. The gnoll closely misses you.
You hit the gnoll. Your bite misses the gnoll.
The gnoll is almost dead.
The gnoll misses you.
The gnoll hits you with a +0 spear of freezing.
The gnoll freezes you.
* * * LOW HITPOINT WARNING * * *
You hit the gnoll but do no damage.
The gnoll is almost dead.
The gnoll hits you with a +0 spear.
* * * LOW HITPOINT WARNING * * *
The gnoll closely misses you.
The gnoll hits you from afar with a +0 spear.
There is a stone staircase leading up here.
The gnoll hits you from afar with a +0 spear of freezing.
* * * LOW HITPOINT WARNING * * *
The gnoll freezes you.
* * * LOW HITPOINT WARNING * * *
The gnoll closely misses you.
You open the door.
The gnoll hits you from afar with a +0 spear of freezing.
The gnoll freezes you.
There is an open door here.
The gnoll hits you with a +0 spear of freezing.
The gnoll freezes you.
* * * LOW HITPOINT WARNING * * *
The gnoll hits you from afar with a +0 spear.
* * * LOW HITPOINT WARNING * * *
There is an open door here.
You hit the gnoll but do no damage.
The gnoll is almost dead.
The gnoll hits you but does no damage.
The gnoll hits you from afar with a +0 spear.
* * * LOW HITPOINT WARNING * * *
The gnoll hits you from afar with a +0 spear of freezing.
You die...

#.....##..#..#.....#
#####.....##..##.#.#####
...........#.......#
..................##
..<...8...........#
..................#
....∩....#........#
#........#........#
..8...>.........@.#
#.#........#+###'##
#........#.#.# #g# .#
###.#......#.# #g## .#
#.######.#.###.8## .####
#................####.....
########.#.##8.<.8#...#####
#..........)......)#
#.####..∩.##...###.


You could see 2 gnolls.

Vanquished Creatures
  A black bear (D:5)
  2 phantoms
  A water moccasin skeleton (D:5)
  A howler monkey (D:5)
  A bullfrog zombie (D:5)
  A centaur zombie (D:5)
  An orc priest (D:5)
  2 hounds
  A bullfrog skeleton (D:6)
  2 iguanas
  5 gnolls
  6 adders
  2 howler monkey skeletons
  A shadow imp (D:3)
  A white imp (D:5)
  An ufetubus (D:6)
  2 worms
  3 dart slugs
  12 orcs
  3 ball pythons
  9 endoplasms
  3 giant cockroaches
  5 goblins
  A hobgoblin (D:2)
  6 jackals
  10 kobolds
  8 quokkas
  8 bats
  3 frilled lizards (D:2)
  A quokka skeleton (D:4)
  7 rats
110 creatures vanquished.

Notes
Turn   | Place    | Note
-------+----------+-------------------------------------------
     0 | D:1      | Plasmagod the Vine Stalker Enchanter began the quest for
                  | the Orb.
     0 | D:1      | Reached XP level 1. HP: 9/9 MP: 4/4
   345 | D:1      | Reached skill level 4 in Stealth
   345 | D:1      | Reached XP level 2. HP: 9/13 MP: 3/6
   530 | D:1      | Learned a level 2 spell: Ensorcelled Hibernation
   597 | D:1      | Found a faded altar of an unknown god.
   684 | D:1      | Reached skill level 1 in Short Blades
   984 | D:1      | Reached XP level 3. HP: 16/16 MP: 4/7
  1026 | D:1      | Found Beuvyn's One-of-a-Kind Rings.
  1793 | D:2      | Reached skill level 5 in Stealth
  1793 | D:2      | Gained mutation: Your natural rate of healing is unusually
                  | fast. [Vine Stalker growth]
  1793 | D:2      | Reached XP level 4. HP: 21/21 MP: 4/8
  1904 | D:2      | Reached XP level 5. HP: 24/24 MP: 5/9
  2365 | D:2      | Reached skill level 6 in Stealth
  2838 | D:3      | Reached skill level 1 in Ice Magic
  3084 | D:3      | Learned a level 3 spell: Tukima's Dance
  3330 | D:4      | Found a glowing drain.
  3421 | D:4      | Reached XP level 6. HP: 21/28 MP: 4/11
  3509 | D:4      | Found a white marble altar of Elyvilon.
  3517 | D:4      | Became a worshipper of Elyvilon the Healer
  3652 | D:4      | Found a shimmering blue altar of Sif Muna.
  3888 | D:5      | Entered Level 5 of the Dungeon
  3935 | D:5      | Reached skill level 7 in Stealth
  4107 | D:5      | Reached XP level 7. HP: 29/32 MP: 4/13
  4470 | D:5      | Reached skill level 1 in Fighting
  4723 | D:5      | Gained mutation: You are weak. (Str -2) [potion of
                  | mutation]
  4724 | D:5      | Lost mutation: You are weak. (Str -2) [potion of mutation]
  4724 | D:5      | Gained mutation: You tend to lose your temper in combat.
                  | [potion of mutation]
  4744 | D:6      | Found Ralea's Antique Armour Boutique.
  4790 | D:6      | Reached * piety under Elyvilon
  4821 | D:6      | Reached skill level 8 in Stealth
  4878 | D:6      | Found Soweh's Distillery.
  4885 | D:6      | Bought a potion of lignification for 39 gold pieces
  4885 | D:6      | Bought a potion of flight for 39 gold pieces
  4935 | D:6      | Slain by a gnoll

Illustrated notes

Levels and vault maps discovered:
D:1:      dpeg_arrival_round_b, layout_basic,
          shapermc_ecumenical_altar_totnotflames, nicolae_shop_unique_rings,
          nrook_mini_backslash
D:2:      layout_loops_ring, serial_aquarium, aquarium_bridge_square
          [aquarium_subvault_wall, aquarium_subvault_window,
          aquarium_subvault_wall, aquarium_subvault_bridge],
          aquarium_bridge_square [aquarium_subvault_wall,
          aquarium_subvault_bridge, aquarium_subvault_wall,
          aquarium_subvault_wall], aquarium_window_fake, aquarium_window_fake,
          aquarium_view_2c, aquarium_pool_2, minmay_ruptured
D:3:      layout_rooms
D:4:      layout_cave_pools, lemuel_blue_sif_altar, lemuel_crystal_altar,
          portal_sewer_entry_d, minmay_misc_feat_iff
D:5:      layout_basic
D:6:      layout_basic, minmay_temple_entry_fiery, serial_shops,
          nicolae_shop_behind_doors, nicolae_stop_n_shop_2,
          nicolae_shop_bloodbath_and_beyond, nicolae_stop_n_shop_1,
          hangedman_abyss_or_decor_stabs, uniq_duvessa

Skill      XL: |  1  2  3  4  5  6  7 |
---------------+----------------------+-----
Stealth        | 4 5 6 7 8 |  8.1
Short Blades   | 1 3 |  3.0
Ice Magic      | 1 |  1.7
Spellcasting   | 3 |  3.5
Dodging        | 2 |  2.3
Hexes          | 4 |  4.4
Fighting       | 1 |  1.3

Action                   |  1- 3 |  4- 6 |  7- 9 || total
-------------------------+-------+-------+-------++-------
Melee: Dagger            |    78 |   160 |    91 ||   329
       Bite              |    17 |    32 |    25 ||    74
       Punch             |       |     2 |       ||     2
 Cast: Ensorcelled Hiber |    15 |    25 |    10 ||    50
  Use: Scroll            |     6 |     6 |     3 ||    15
       Potion            |       |     1 |     2 ||     3
 Stab: Sleeping          |    15 |    24 |     3 ||    42
       Distracted        |     1 |       |       ||     1
       Invisible         |       |     4 |       ||     4
Armor: Robe              |    13 |    27 |    18 ||    58
Dodge: Dodged            |    44 |   120 |    63 ||   227
